 Dungeon Crawl Stone Soup version 0.31.0-11-ge490571c62 (webtiles) character file.

Game seed: 12581357917724203437

315 Zeia the Trooper (level 6, -3/58 HPs)
             Began as a Minotaur Fighter on Jan 26, 2024.
             Slain by a lemure (6 damage)
             ... led by Pikel
             ... on level 4 of the Dungeon.
             The game lasted 00:08:34 (2459 turns).

Zeia the Trooper (Minotaur Fighter)                 Turns: 2459, Time: 00:08:34

Health: -3/58      AC:  6    Str: 22    XL:     6   Next: 19%
Magic:  5/5        EV:  9    Int:  5    God:
Gold:   228        SH:  4    Dex: 10    Spells: 5/5 levels left

rFire   . . .        a - +1 war axe
rCold   . . .        c - +0 buckler
rNeg    . . .        b - +0 scale mail
rPois   .            (helmet restricted)
rElec   .            (no cloak)
rCorr   .            (no gloves)
SInv    .            (no boots)
Will    .....        (no amulet) Stlth
                     (no ring)
HPRegen 0.29/turn    (no ring)
MPRegen 0.09/turn

%: no passive effects
@: mighty
A: horns 2, retaliatory headbutt
a: no special abilities


You were on level 4 of the Dungeon.
You visited 1 branch of the dungeon, and saw 4 of its levels.

You collected 228 gold pieces.

Inventory:

Hand Weapons
 a - a +1 war axe (weapon)
Armour
 b - a +0 scale mail (worn)
 c - a +0 buckler (worn)
 o - a +0 kite shield
Scrolls
 j - a scroll of vulnerability {unknown}
 k - a scroll of fog {unknown}
 l - 3 scrolls of identify {unknown}
 m - a scroll of teleportation {unknown}
 q - a scroll of enchant armour {unknown}
Potions
 d - 2 potions of might
 e - a potion of degeneration {unknown}
 f - a potion of invisibility {unknown}
 h - 2 potions of curing {unknown}
 i - a potion of attraction {unknown}
 n - 2 potions of resistance {unknown}
 p - a potion of haste {unknown}


   Skills:
 + Level 6.5 Fighting
 + Level 5.8 Axes
 - Level 3.6 Armour
 - Level 3.6 Shields


You had 5 spell levels left.
You didn't know any spells.
Your spell library contained the following spells:

 Spells                   Type           Power      Damage    Failure   Level
 Kiss of Death            Conj/Necr      0%         2d5       86%         1
 Shock                    Conj/Air       0%         1d3       86%         1
 Confusing Touch          Hex            0%         N/A       99%         3
 Swiftness                Air            0%         N/A       99%         3
 Airstrike                Air            0%         2d(0-16)  100%        4
 Dispel Undead            Necr           0%         3d6       100%        4


Dungeon Overview and Level Annotations

Branches:
Dungeon (4/15)
 Temple: D:4-7

Altars:

Annotations:
D:4 Pikel


Innate Abilities, Weirdness & Mutations

You have a pair of horns on your head.
You reflexively headbutt those who attack you in melee.


Message History

You block Pikel's attack.
You hit Pikel but do no damage.
Pikel is lightly wounded.
Pikel hits you with a +0 whip of flaming.
Pikel burns you.
You feel very mighty all of a sudden.
Pikel hits you with a +0 whip of flaming.
Pikel burns you.
You slice Pikel!! Your headbutt misses Pikel.
Pikel is heavily wounded.
You closely miss the lemure.
Pikel hits you with a +0 whip of flaming.
Pikel burns you. The lemure closely misses you. You furiously retaliate!
You headbutt the lemure! You barely miss Pikel.
Pikel is heavily wounded.
You closely miss the lemure. You barely miss the lemure.
Pikel hits you with a +0 whip of flaming.
Pikel burns you. You block the lemure's attack.
The lemure hits you but does no damage.
Pikel hits you with a +0 whip of flaming.
Pikel burns you. The lemure completely misses you. The lemure hits you!
* * * LOW HITPOINT WARNING * * *
The lemure hits you.
* * * LOW HITPOINT WARNING * * *
You slash Pikel!
Pikel is almost dead.
You hit the lemure but do no damage. You hit the lemure. You slash the lemure!
Pikel hits you with a +0 whip of flaming.
* * * LOW HITPOINT WARNING * * *
Pikel burns you.
* * * LOW HITPOINT WARNING * * *
The lemure hits you.
* * * LOW HITPOINT WARNING * * *
The lemure closely misses you. The lemure barely misses you.
As you read the scroll labelled ITUIZIUTUR, it crumbles to dust.
It is a scroll of enchant weapon.
Your +0 war axe glows red for a moment.
Pikel barely misses you. The lemure hits you but does no damage.
The lemure hits you.
You die...

..##....#..............##
.. #....................#
####...........##......
...............##...#.
#..................#.
##.............).##...
#................#...#
#...5K5.............##
#...@5.>............#
#..<.....#......#...#
##....#######.###...#
###....# ### ##.## ##.###
### ... ...# ##.## ##


You could see Pikel and 3 lemures.

Vanquished Creatures
  A lemure (D:4)
  2 scorpions
  An iguana (D:4)
  An orc wizard (D:3)
  Robin (D:3)
  4 adders
  2 dart slugs
  A ribbon worm (D:3)
  3 orcs (D:3)
  5 ball pythons
  8 endoplasms
  8 giant cockroaches
  11 goblins
  11 hobgoblins
  4 jackals (D:1)
  8 kobolds
  A quokka (D:2)
  3 bats
  6 frilled lizards
  5 rats
86 creatures vanquished.

Notes
Turn   | Place    | Note
-------+----------+-------------------------------------------
     0 | D:1      | Zeia the Minotaur Fighter began the quest for the Orb.
     0 | D:1      | Reached XP level 1. HP: 19/19 MP: 0/0
   142 | D:1      | Reached skill level 4 in Fighting
   143 | D:1      | Reached XP level 2. HP: 27/27 MP: 1/1
   731 | D:1      | Reached XP level 3. HP: 34/34 MP: 2/2
  1476 | D:2      | Reached XP level 4. HP: 41/41 MP: 3/3
  1520 | D:3      | Reached skill level 5 in Fighting
  1657 | D:3      | Noticed Robin
  1675 | D:3      | Killed Robin
  1676 | D:3      | Reached XP level 5. HP: 36/48 MP: 4/4
  1912 | D:3      | Reached skill level 6 in Fighting
  1912 | D:3      | Reached skill level 5 in Axes
  2267 | D:4      | Noticed a lemure
  2272 | D:4      | Noticed a lemure
  2343 | D:4      | Killed a lemure
  2365 | D:4      | Reached XP level 6. HP: 56/58 MP: 5/5
  2434 | D:4      | Noticed Pikel
  2458 | D:4      | HP: 2/58 [lemure[Pikel] (2)]
  2459 | D:4      | Slain by a lemure

Illustrated notes

Levels and vault maps discovered:
D:1:      erik_arrival_blinker_ship, layout_basic,
          nicolae_houndstooth_variations
D:2:      layout_loops_ring
D:3:      layout_loops_cross, serial_park_tiny_1, uniq_robin
D:4:      layout_cave_pools, uniq_pikel, uniq_sigmund, uniq_crazy_yiuf_cottage

Skill      XL: |  1  2  3  4  5 |
---------------+----------------+-----
Fighting       | 4 5 6 |  6.5
Axes           | 3 4 5 |  5.8
Armour         | |  3.6
Shields        | |  3.6

Action                     |  1- 3 |  4- 6 || total
---------------------------+-------+-------++-------
  Melee: War axe           |    81 |   106 ||   187
         Headbutt          |    10 |    15 ||    25
    Use: Scroll            |       |     1 ||     1
         Potion            |       |     1 ||     1
 Armour: Scale mail        |    56 |    93 ||   149
  Dodge: Dodged            |    35 |    49 ||    84
  Block: Buckler           |    18 |    24 ||    42
